 Dungeon Crawl Stone Soup version 0.29-a0-887-gcbe080d7e0 (webtiles) character file.

Game seed: 5079983389212473869

4195 concernfroge the Fighter (level 10, 0/85 HPs)
             Began as a Mummy Monk on July 21, 2022.
             Was an Initiate of Gozag.
             Slain by a vampire
             ... wielding a +0 great sword
              (13 damage)
             ... on level 7 of the Dungeon.
             The game lasted 00:29:01 (8242 turns).

concernfroge the Fighter (Mummy Monk)               Turns: 8242, Time: 00:29:03

Health: 0/85       AC: 17    Str: 18    XL:     10   Next: 8%
Magic:  11/11      EV:  8    Int:  9    God:    Gozag
Gold:   566        SH:  0    Dex: 16    Spells: 11/11 levels left

rFire   . . .      SeeInvis .   e - +2 glaive (pain)
rCold   + . .      Faith    .   (shield currently unavailable)
rNeg    + + +      Spirit   .   b - +0 chain mail
rPois   ∞          Reflect  .   h - +0 helmet
rElec   .          Harm     .   q - +1 cloak
rCorr   .          Rampage  .   k - +0 pair of gloves
Will    +....                   c - +0 pair of boots
Stlth   ..........              (no amulet)
HPRegen 0.24/turn               r - ring of protection from fire
MPRegen 0.12/turn               o - +4 ring of protection

@: marked, gold aura
A: cold resistance 1, negative energy resistance 3, torment resistance 2, heat
vulnerability 1, in touch with death 1, no potions
a: Renounce Religion, Potion Petition, Call Merchant, Bribe Branch


You were on level 7 of the Dungeon.
You worshipped Gozag.
Gozag was pleased with you.
You visited 2 branches of the dungeon, and saw 8 of its levels.
You also visited: Sewer.

You collected 615 gold pieces.
You spent 49 gold pieces at shops.

Inventory:

Hand Weapons
 e - a +2 glaive of pain (weapon)
Armour
 b - a +0 chain mail (worn)
 c - a +0 pair of boots (worn)
 g - a +0 troll leather armour {Pargi}
 h - a +0 helmet (worn)
 k - a +0 pair of gloves (worn)
 q - a +1 cloak (worn)
Jewellery
 o - a +4 ring of protection (right hand)
 r - a ring of protection from fire (left hand)
Wands
 f - a wand of flame (14)
 t - a wand of digging (6)
Scrolls
 d - 4 scrolls of amnesia
 m - a scroll of immolation
 p - 5 scrolls of identify
 s - a scroll of magic mapping
Miscellaneous
 n - a phantom mirror (inert)


   Skills:
 - Level 10.0 Fighting
 + Level 9.8 Polearms
 - Level 2.4 Dodging
 - Level 1.5 Stealth
 - Level 1.0 Spellcasting


You had 11 spell levels left.
You didn't know any spells.
Your spell library contained the following spells:

 Spells                   Type           Power      Damage    Failure   Level
 Necrotise                Necr           0%         1d4       99%         1
 Portal Projectile        Hex/Tloc       0%         N/A       100%        3
 Tukima's Dance           Hex            0%         N/A       100%        3
 Vampiric Draining        Necr           0%         2d6       100%        3
 Agony                    Necr           0%         N/A       100%        5
 Blade Hands              Tmut           Unusable   N/A       N/A         5

Dungeon Overview and Level Annotations

Branches:
Dungeon (7/15)             Temple (1/1) D:7           Sewer (visited)

Altars:
Ashenzari
Cheibriados
Dithmenos
Fedhas
Gozag
Hepliaklqana
Kikubaaqudgha
Makhleb
Nemelex Xobeh
Okawaru
Qazlal
Sif Muna
Trog
Uskayaw
Vehumet
Wu Jian
Xom
Yredelemnul

Shops:
D:2 [   D:3 :


Innate Abilities, Weirdness & Mutations

You are immune to poison.
Your flesh is cold resistant. (rC+)
You are immune to negative energy. (rN+++)
You are immune to unholy pain and torment.
You are vulnerable to heat. (rF-)
You are in touch with the powers of death.
You do not drink.


Message History

You hit something but do no damage. The boulder beetle barely misses you.
Something hits you. Something bites you.
You closely miss something. The boulder beetle bites you! Something hits you!
Something bites you but does no damage.
An orc comes into view. It is wielding a +0 trident.
Okay, then.
Okay, then.
You slash the boulder beetle!
The boulder beetle is lightly wounded.
The boulder beetle bites you! Something completely misses you.
Something bites you.
The orc hits you from afar with a +0 trident.
Something hits you! Something bites you but does no damage.
The orc hits you from afar with a +0 trident.
The boulder beetle bites you but does no damage.
You hit the boulder beetle but do no damage.
The boulder beetle is lightly wounded.
The boulder beetle bites you.
* * * LOW HITPOINT WARNING * * *
Something hits you but does no damage. Something bites you.
* * * LOW HITPOINT WARNING * * *
The orc barely misses you.
You slash the boulder beetle!
The boulder beetle is moderately wounded.
The boulder beetle closely misses you. Something hits you.
* * * LOW HITPOINT WARNING * * *
Something bites you.
* * * LOW HITPOINT WARNING * * *
The orc closely misses you.
Okay, then.
Okay, then.
Okay, then.
You hit the boulder beetle.
The boulder beetle is moderately wounded.
The boulder beetle bites you.
* * * LOW HITPOINT WARNING * * *
The orc is distracted by your dazzling golden aura.
Something hits you!
You die...
Your body crumbles into a pile of gold.

#.#.#.#.#.#.#.).#.# #..#
..).)...'##...⌠...##'...
#.#.#.#.#.#.#.).#.#.#
###
#.#.#.#.#...##)##...#
#.#.#.####.#.....#.##
#.#.#!# ##..###..##
#.#.### ##..#..## ##'###
###o### ..#..## ##..#B@#
.#.#..## ##.#####{#
#...#..###.## #.#
..#..#..#.## #.#
.#.#..#.#.# .#
#...#.)#'.# :(⌠(! '
.#.#..#.#.# ... $ .
..#..#..#.#


.Wu .. #...#..###. ... You could see a boulder beetle and an orc (unaware).

Vanquished Creatures
  A boulder beetle (D:7)
  Grinder (D:5)
  Sigmund (D:3)
  A yak (D:7)
  2 wraiths (D:7)
  Edmund (D:5)
  2 water moccasins (D:6)
  Pargi (Sewer)
  2 orc warriors
  2 ice beasts (D:7)
  2 black bears
  4 ogres
  A phantom (D:5)
  A kobold brigand (D:7)
  2 bullfrogs (D:7)
  A necrophage (D:7)
  A wight (D:7)
  A killer bee (D:7)
  3 howler monkeys
  A jelly (D:7)
  2 orc priests
  Crazy Yiuf (D:5)
  2 hounds (D:5)
  Jessica (D:3)
  Ijyb (D:3)
  5 iguanas
  4 orc wizards
  Robin (D:3)
  7 adders
  A river rat (D:4)
  3 shadow imps
  A white imp (D:7)
  4 ufetubi
  4 worms
  3 dart slugs
  12 orcs
  11 ball pythons
  7 endoplasms
  5 giant cockroaches
  A gnoll zombie (D:6)
  10 goblins
  12 hobgoblins
  6 jackals
  4 kobolds
  4 quokkas
  5 bats
  3 frilled lizards (D:1)
  12 rats
163 creatures vanquished.

Vanquished Creatures (collateral kills)
  A gargoyle (D:7)
1 creature vanquished.

Grand Total: 164 creatures vanquished

Notes
Turn   | Place    | Note
-------+----------+-------------------------------------------
     0 | D:1      | concernfroge the Mummy Monk began the quest for the Orb.
     0 | D:1      | Reached XP level 1. HP: 18/18 MP: 1/1
   246 | D:1      | Reached XP level 2. HP: 23/24 MP: 2/2
   671 | D:1      | Reached skill level 4 in Fighting
   831 | D:1      | Gained mutation: You are in touch with the powers of death.
                  | [Mummy growth]
   831 | D:1      | Reached XP level 3. HP: 30/30 MP: 3/3
  1413 | D:2      | Found Icemm's Armour Shop.
  1596 | D:2      | Reached skill level 5 in Fighting
  1596 | D:2      | Reached XP level 4. HP: 3/39 MP: 4/4
  2108 | D:2      | Bought a +0 pair of gloves for 49 gold pieces
  2196 | D:3      | Noticed Jessica
  2202 | D:3      | Found a faded altar of an unknown god.
  2210 | D:3      | Killed Jessica
  2259 | D:3      | Noticed Sigmund
  2268 | D:3      | Identified a scroll of acquirement
  2268 | D:3      | Acquired a +2 glaive of pain
  2271 | D:3      | Killed Sigmund
  2272 | D:3      | Reached skill level 6 in Fighting
  2272 | D:3      | Reached XP level 5. HP: 25/47 MP: 5/5
  2272 | D:3      | Reached XP level 6. HP: 28/53 MP: 6/6
  2486 | D:3      | Noticed Ijyb
  2498 | D:3      | Killed Ijyb
  2499 | D:3      | Reached skill level 7 in Fighting
  2637 | D:3      | Found Fopri's Book Shoppe.
  2906 | D:3      | Noticed Robin
  2917 | D:3      | Killed Robin
  3437 | D:4      | Found a glowing drain.
  3441 | Sewer    | Entered a sewer
  3478 | Sewer    | Noticed Pargi
  3495 | Sewer    | Killed Pargi
  3496 | Sewer    | Reached skill level 8 in Fighting
  3496 | Sewer    | Reached XP level 7. HP: 26/62 MP: 7/7
  4377 | D:5      | Entered Level 5 of the Dungeon
  4943 | D:5      | Reached skill level 9 in Fighting
  5115 | D:5      | Noticed Grinder
  5123 | D:5      | Killed Grinder
  5124 | D:5      | Reached skill level 10 in Fighting
  5124 | D:5      | Reached skill level 1 in Spellcasting
  5124 | D:5      | Reached XP level 8. HP: 72/72 MP: 7/9
  5183 | D:5      | Noticed Edmund
  5190 | D:5      | Killed Edmund
  5373 | D:5      | Found a runed translucent door.
  5374 | D:5      | Noticed Crazy Yiuf
  5381 | D:5      | Killed Crazy Yiuf
  5948 | D:6      | Reached skill level 5 in Polearms
  6397 | D:7      | Found a staircase to the Ecumenical Temple.
  6402 | Temple   | Entered the Ecumenical Temple
  6797 | Temple   | Became a worshipper of Gozag Ym Sagoz the Greedy
  7104 | D:7      | Reached XP level 9. HP: 46/78 MP: 10/10
  7792 | D:7      | Noticed a purple ugly thing
  7851 | D:7      | Noticed a boulder beetle
  7869 | D:7      | Killed a boulder beetle
  8084 | D:7      | Noticed a gargoyle
  8093 | D:7      | Killed a gargoyle
  8094 | D:7      | Reached XP level 10. HP: 69/85 MP: 11/11
  8171 | D:7      | Noticed a boulder beetle
  8242 | D:7      | Slain by a vampire

Illustrated notes

Levels and vault maps discovered:
D:1:      beargit_arrival_greenhouse, layout_loops_cross
D:2:      layout_rooms, serial_shops, nicolae_square_shop, st_stairs_3,
          kennysheep_generic_room_2
D:3:      layout_loops_ring, hellmonk_ecumenical_altar_pennies_from_heaven,
          serial_shops, shop, uniq_jessica, uniq_sigmund, uniq_robin, uniq_ijyb
D:4:      layout_rooms, gup_sewer_entry_spiral, serial_rivers,
          chequers_serial_rivers_room_b, chequers_serial_rivers_micro_d,
          chequers_serial_rivers_micro_e, chequers_serial_rivers_micro_b,
          chequers_serial_rivers_micro_e
D:5:      layout_rooms, chequers_serial_rivers_micro_d, uniq_crazy_yiuf_cottage,
          uniq_grinder, uniq_edmund
D:6:      layout_layer_cave, enter_ossuary_3
D:7:      minmay_the_grid_octo_2x2 [minmay_the_grid_octo_thin_diamonds,
          minmay_the_grid_octo_teeth, minmay_the_grid_octo_focus,
          minmay_the_grid_octo_prize_big_c], layout_rooms, temple_doors_ab,
          serial_shops, nicolae_shop_trees, hangedman_decor_lopped
Temple:   mainiacjoe_temple_trianglar_array

Skill      XL: |  1  2  3  4  5  6  7  8  9 |
---------------+----------------------------+-----
Fighting       | 4 5 6 8 10 | 10.0
Spellcasting   | 1 |  1.0
Polearms       | 6 9 |  9.8
Dodging        | |  2.4
Stealth        | |  1.5

Action                   |  1- 3 |  4- 6 |  7- 9 | 10-12 || total
-------------------------+-------+-------+-------+-------++-------
Melee: Spear             |   113 |       |       |       ||   113
       Quarterstaff      |    45 |    23 |       |       ||    68
       Glaive            |       |   111 |   286 |    28 ||   425
Evoke: Wand              |       |     3 |    19 |       ||    22
       Phantom mirror    |       |       |     2 |       ||     2
  Use: Scroll            |       |     7 |    11 |       ||    18
 Stab: Sleeping          |     2 |       |       |       ||     2
       Distracted        |       |     1 |       |       ||     1
       Paralysed         |       |       |    20 |       ||    20
Armor: Robe              |    19 |       |       |       ||    19
       Chain mail        |    30 |   134 |   268 |    15 ||   447
Dodge: Dodged            |    58 |    86 |   152 |     8 ||   304

Table legend: (Time is in decaauts)
 A = Elapsed time spent in this place.
 B = Non-inter-level travel time spent in this place.
 C = Inter-level travel time spent in this place.
 D = Time resting spent in this place.
 E = Time spent auto-exploring this place.
 F = Levels seen in this place.
 G = Mean time per level.
                   A        B        C        D        E       F      G
               +--------+--------+--------+--------+--------+-----+--------+
         Total |   8503 |   7823 |    680 |   1525 |   4778 |   9 |  944.8 |
       Dungeon |   7774 |   7162 |    612 |   1525 |   4222 |   7 | 1110.6 |
        Temple |    432 |    364 |     68 |      0 |    362 |   1 |  432.0 |
         Sewer |    296 |    296 |      0 |      0 |    194 |   1 |  296.0 |
               +--------+--------+--------+--------+--------+-----+--------+

Top non-repeatable levels by time:
     D:7: 1624 daAuts
     D:4: 1173 daAuts
     D:1: 1102 daAuts
     D:5: 1088 daAuts
     D:3: 1076 daAuts
     D:2: 1041 daAuts
     D:6: 667 daAuts
  Temple: 432 daAuts
   Sewer: 296 daAuts
